Match 47369518
Unlisted

Match 47369518
End
Kradschützen Motorcycle Team
Panzerpioneer Squad
Selects Armored Support Battlegroup
250 Light Carrier
Construct Light Support Kompanie
Combat Half-tracks
250 Light Carrier
Selects Superior Fire Drills
MG34 Team
Construct Mechanized Kompanie
Marder III Tank Destroyer
Panzerjäger Mechanized Group
Vehicle Survival Package
Construct Panzerarmee Kommand
250 Light Carrier
Selects Flammpanzer III Medium Tank
Flammpanzer III Medium Tank
Marder III Tank Destroyer
Flammpanzer III Medium Tank
Flammpanzer III Medium Tank
Marder III Tank Destroyer
Selects Salvage Kits
Support Armor Elements
Emergency Repair Kits
Rapid Advance
Selects Panzer Storm
Construct Panzerarmee Kommand
18-tonne Recovery Half-track
Advanced Optics
Flammpanzer III Medium Tank
Panzer Storm
Walking Stuka Rocket Launcher
Selects Stuka Anti-tank Loiter
Stuka Anti-tank Loiter
Flakvierling Half-track
Selects Command Panzer IV F Medium Tank
Armored Reserves
Tungsten Core Ammunition
Panzer Storm
Advanced Field Repairs
Tiger Heavy Tank
Panzer Storm
Stuka Anti-tank Loiter
Marder III Tank Destroyer
Panzerpioneer Squad
Panzerpioneer Squad
Panzer Storm
Stuka Anti-tank Loiter
So Predictable
A2O
Adult Asthma Is A Choice
likewind3
Luckyman55
AHOIENMQ
100%eighty
VRRRR
0
0

Comments sign in to comment!

No comments posted yet!